 Dungeon Crawl Stone Soup version 0.30-a0-321-gf7783e6616 (webtiles) character file.

Game seed: 4412759728031364087

619 Jorund the Grave Robber (level 7, 0/76 HPs)
             Began as a Demonspawn Necromancer on Oct 27, 2022.
             Was a Follower of Okawaru.
             Slain by a water moccasin (8 damage)
             ... on level 5 of the Dungeon.
             The game lasted 00:10:32 (4197 turns).

Jorund the Grave Robber (Demonspawn Necromancer)    Turns: 4197, Time: 00:10:33

Health: 0/76       AC:  4    Str:  8    XL:     7   Next: 21%
Magic:  3/13       EV: 11    Int: 18    God:    Okawaru [*.....]
Gold:   268        SH:  0    Dex: 14    Spells: 11/15 levels left

rFire   . . .      SeeInvis .    l - +2 dagger (elec)
rCold   . . .      Faith    .    (no shield)
rNeg    . . .      Spirit   .    p - +1 leather armour {Will+}
rPois   .          Reflect  .    (no helmet)
rElec   .          Harm     .    i - scarf {shadows}
rCorr   .          Rampage  .    (no gloves)
Will    +....                    (no boots)
Stlth   ..........               (no amulet)
HPRegen 0.32/turn                (no ring)
MPRegen 0.13/turn                (no ring)

@: berserking, lethally poisoned (0 -> -6), very quick
A: powered by death 2, powered by pain 2, weakness stinger 1
a: Renounce Religion, Heroism


You were on level 5 of the Dungeon.
You worshipped Okawaru.
Okawaru was aware of your devotion.
You visited 2 branches of the dungeon, and saw 6 of its levels.

You collected 268 gold pieces.

Inventory:

Hand Weapons
 l - a +2 dagger of electrocution (weapon)
 s - a +0 war axe
Missiles
 j - 10 poisoned darts
 n - 5 javelins
Armour
 a - a +0 robe
 i - a scarf of shadows (worn)
 p - a +1 leather armour of willpower (worn)
 w - +0 steam dragon scales
Magical Staves
 m - a staff of poison
Wands
 u - a wand of flame (27)
Scrolls
 d - 6 scrolls of teleportation
 k - 2 scrolls of brand weapon
 o - 2 scrolls of magic mapping
Potions
 b - 3 potions of magic
 c - a potion of flight
 e - a potion of might
 g - a potion of haste
 h - 2 potions of attraction
 v - a potion of brilliance {unknown}


   Skills:
 * Level 2.3 Fighting
 + Level 2.0 Armour
 - Level 1.7 Dodging
 - Level 1.7 Stealth
 - Level 4.5 Spellcasting
 - Level 7.1 Necromancy
 - Level 0.1 Evocations


You had 11 spell levels left.
You knew the following spells:

 Your Spells              Type           Power      Damage    Failure   Level
a - Necrotise             Necr           100%       1d9       1%          1
b - Vampiric Draining     Necr           29%        2d8       3%          3

Your spell library contained the following spells:

 Spells                   Type           Power      Damage    Failure   Level
 Freeze                   Ice            16%        1d4       21%         1
 Agony                    Necr           29%        N/A       28%         5
 Frozen Ramparts          Ice            8%         1d2       52%         3
 Hailstorm                Conj/Ice       4%         3d4       52%         3
 Portal Projectile        Hex/Tloc       8%         N/A       52%         3
 Leda's Liquefaction      Hex/Erth       2%         N/A       89%         4
 Freezing Cloud           Conj/Ice/Air   2%         6-21      99%         5
 Polar Vortex             Ice            2%         N/A       100%        9
 Animate Dead             Necr           Unusable   N/A       N/A         4
 Call Canine Familiar     Summ           Unusable   N/A       N/A         3
 Simulacrum               Ice/Necr       Unusable   N/A       N/A         6

Dungeon Overview and Level Annotations

Branches:
Dungeon (5/15)             Temple (1/1) D:4

Altars:
Ashenzari
Dithmenos
Gozag
Kikubaaqudgha
Makhleb
Okawaru
Qazlal
Sif Muna
Trog
Uskayaw
Vehumet
Wu Jian
Xom

Annotations:
D:2 1 runed translucent door, Crazy Yiuf


Innate Abilities, Weirdness & Mutations

You regenerate health from kills.
You sometimes gain power by taking damage.
You have a small tail.


Message History

You draw life force from the water moccasin.
You feel life coursing into your body.
You feel sick. The water moccasin bites you!
Casting: Vampiric Draining (dangerous; 3% risk of failure)
Confirm with . or Enter, or press ? or * to list all spells.
Aiming: Vampiric Draining (dangerous; 3% risk of failure)
Press: ? - help, Shift-Dir - straight line, f/p - water moccasin
Aim: a water moccasin (heavily wounded)
You draw life force from the water moccasin.
You feel life coursing into your body.
You feel sick. The water moccasin bites you!
* * * LOW HITPOINT WARNING * * *
Okay, then.
Casting: Vampiric Draining (dangerous; 3% risk of failure)
Confirm with . or Enter, or press ? or * to list all spells.
You don't have enough magic to cast this spell.
Unknown command.
Okay, then.
Okay, then.
It was a potion of flight.
You feel very buoyant.
You fly up into the air.
You feel sick. The water moccasin closely misses you.
The water moccasin bites you.
* * * LOW HITPOINT WARNING * * *
You are lethally poisoned!
The water moccasin poisons you!
It was a potion of cancellation.
Your magical effects are unravelling.
You feel magically purged.
You float gracefully downwards.
* * * LOW HITPOINT WARNING * * *
You feel very sick. The water moccasin barely misses you.
Unknown command.
It was a potion of berserk rage.
A red film seems to cover your vision as you go berserk!
You feel yourself moving faster!
You feel mighty!
* * * LOW HITPOINT WARNING * * *
You feel very sick. The water moccasin bites you!
You die...

.## ...# ....
#.... ##...# ###.
.....†### ##.#..#
#...S@.###..$....
#.#....#.#.......
..........#.....
.....####......###
....# ##........#
.... #...^....#
..# ..##......####
#.......####.##
...##.#.####..#


You could see a water moccasin.

Vanquished Creatures
  A steam dragon (D:5)
  A water moccasin (D:5)
  A hound (D:4)
  2 orc priests (D:3)
  Ijyb (D:4)
  2 iguanas (D:5)
  An orc wizard (D:4)
  Terence (D:2)
  5 adders
  A worm (D:3)
  10 orcs
  7 ball pythons
  6 endoplasms
  2 giant cockroaches
  20 goblins
  8 hobgoblins
  7 jackals
  6 quokkas
  4 bats
  2 frilled lizards
  5 kobolds
  7 rats
100 creatures vanquished.

Vanquished Creatures (collateral kills)
  2 orcs (D:3)
  A giant cockroach (D:1)
  A hobgoblin (D:1)
4 creatures vanquished.

Grand Total: 104 creatures vanquished

Notes
Turn   | Place    | Note
-------+----------+-------------------------------------------
     0 | D:1      | Jorund the Demonspawn Necromancer began the quest for the
                  | Orb.
     0 | D:1      | Reached XP level 1. HP: 13/13 MP: 3/3
   263 | D:1      | Gained mutation: You sometimes gain a little power by
                  | taking damage. [demonic ancestry]
   263 | D:1      | Reached XP level 2. HP: 19/19 MP: 0/5
   399 | D:1      | Reached skill level 5 in Necromancy
  1237 | D:2      | Gained mutation: You have a small tail. [demonic ancestry]
  1237 | D:2      | Reached XP level 3. HP: 14/24 MP: 4/6
  1419 | D:2      | Found a faded altar of an unknown god.
  1666 | D:2      | Found a runed translucent door.
  1667 | D:2      | Noticed Crazy Yiuf
  1776 | D:2      | Noticed Terence
  1783 | D:2      | Killed Terence
  1784 | D:2      | Reached XP level 4. HP: 30/30 MP: 1/8
  1881 | D:2      | Learned a level 3 spell: Vampiric Draining
  2172 | D:3      | Reached skill level 6 in Necromancy
  2172 | D:3      | Gained mutation: You regenerate a little health from kills.
                  | [demonic ancestry]
  2172 | D:3      | Reached XP level 5. HP: 18/35 MP: 6/10
  3299 | D:4      | Found a staircase to the Ecumenical Temple.
  3355 | Temple   | Entered the Ecumenical Temple
  3373 | Temple   | Became a worshipper of Warmaster Okawaru
  3405 | D:4      | Gained mutation: You regenerate health from kills. [demonic
                  | ancestry]
  3405 | D:4      | Reached XP level 6. HP: 33/42 MP: 5/12
  3581 | D:4      | Noticed Ijyb
  3592 | D:4      | Killed Ijyb
  3943 | D:5      | Entered Level 5 of the Dungeon
  3944 | D:5      | Noticed a steam dragon
  3952 | D:5      | Killed a steam dragon
  3953 | D:5      | Reached skill level 1 in Fighting
  3953 | D:5      | Reached skill level 1 in Armour
  4058 | D:5      | Reached skill level 7 in Necromancy
  4178 | D:5      | Noticed a water moccasin
  4188 | D:5      | Noticed a water moccasin
  4189 | D:5      | Killed a water moccasin
  4189 | D:5      | Reached * piety under Okawaru
  4190 | D:5      | Gained mutation: You sometimes gain power by taking damage.
                  | [demonic ancestry]
  4190 | D:5      | Reached XP level 7. HP: 28/51 MP: 11/13
  4197 | D:5      | Slain by a water moccasin

Illustrated notes

Levels and vault maps discovered:
D:1:      minmay_arrival_shoal_huts, layout_basic, minmay_crystal_water,
          minmay_misc_feat_more_columns
D:2:      layout_rooms, hellmonk_ecumenical_altar_pennies_from_heaven,
          basic_altar, minmay_heptomino_o4, uniq_crazy_yiuf_cottage,
          uniq_terence
D:3:      layout_rooms, nrook_mini_vaults, kennysheep_potato
D:4:      kennysheep_goblin_castle, layout_rooms,
          minmay_temple_entry_stoned_glass
D:5:      layout_cave_pools, serial_shops, nicolae_shop_advertising_works
          [nicolae_subvault_shop_adworks]
Temple:   lightli_temple_of_artemis

Skill      XL: |  1  2  3  4  5  6 |
---------------+-------------------+-----
Necromancy     | 5 6 7 |  7.1
Spellcasting   | 3 4 |  4.5
Fighting       | 2 |  2.3
Armour         | 2 |  2.0
Dodging        | |  1.7
Stealth        | |  1.7
Evocations     | |  0.1

Action                   |  1- 3 |  4- 6 |  7- 9 || total
-------------------------+-------+-------+-------++-------
Melee: Unarmed           |     5 |       |       ||     5
       Short sword       |    27 |       |       ||    27
       Dagger            |    15 |    64 |       ||    79
       Tailslap          |     1 |    10 |       ||    11
 Cast: Necrotise         |    53 |    86 |     3 ||   142
       Vampiric Draining |       |     2 |     2 ||     4
Evoke: Wand              |       |     8 |       ||     8
  Use: Scroll            |       |     8 |       ||     8
       Potion            |       |       |     3 ||     3
 Stab: Distracted        |     1 |       |       ||     1
       Sleeping          |     2 |     3 |       ||     5
Armor: Robe              |     5 |       |       ||     5
       Leather armour    |       |    17 |       ||    17
Dodge: Dodged            |    45 |    55 |     3 ||   103

Table legend: (Time is in decaauts)
 A = Elapsed time spent in this place.
 B = Non-inter-level travel time spent in this place.
 C = Inter-level travel time spent in this place.
 D = Time resting spent in this place.
 E = Time spent auto-exploring this place.
 F = Levels seen in this place.
 G = Mean time per level.
                   A        B        C        D        E       F      G
               +--------+--------+--------+--------+--------+-----+--------+
         Total |   4204 |   4054 |    150 |    233 |   3143 |   6 |  700.7 |
       Dungeon |   4172 |   4036 |    136 |    233 |   3143 |   5 |  834.4 |
        Temple |     32 |     19 |     13 |      0 |      0 |   1 |   32.0 |
               +--------+--------+--------+--------+--------+-----+--------+

Top non-repeatable levels by time:
     D:1: 1225 daAuts
     D:2: 936 daAuts
     D:3: 885 daAuts
     D:4: 871 daAuts
     D:5: 253 daAuts
  Temple: 32 daAuts
